[Event "CCT Chessable Masters Play-In 2025"]
[Site "Online"]
[Date "2025.02.17"]
[Round "4.74"]
[White "Abdusattorov, Nodirbek"]
[Black "Batsuren, Dambasuren"]
[Result "1-0"]
[ECO "B15"]
[WhiteElo "2766"]
[BlackElo "2537"]
[PlyCount "71"]
[EventDate "2025.02.13"]
[EventType "swiss"]
[EventCountry "NET"]
[TimeControl "600"]
[WhiteClock "0:03:29"]
[BlackClock "0:00:20"]

1. e4 c6 2. d4 d5 3. Nc3 dxe4 4. Nxe4 Nf6 5. Nxf6+ exf6 6. c3 Bd6 7. Bd3 O-O 8. Ne2 Re8 9. O-O Nd7 10. Ng3 Nf8 11. a4 a5 12. f4 Bc7 13. Kh1 Ng6 14. Qh5 b6 15. Bd2 Ba6 16. Bxa6 Rxa6 17. Qg4 Qd5 18. f5 Bxg3 19. Qxg3 Ne7 20. Bh6 g6 21. fxg6 hxg6 22. Rxf6 Qh5 23. Qe3 Raa8 24. Re1 Qh4 25. Bg5 Qh5 26. Rff1 Nf5 27. Qxe8+ Rxe8 28. Rxe8+ Kg7 29. Bf4 g5 30. Bc7 f6 31. Ree1 Kg6 32. Rf2 Qh7 33. Bxb6 g4 34. Kg1 g3 35. hxg3 Nxg3 36. Rf3 1-0

[Event "CCT Chessable Masters Play-In 2025"]
[Site "Online"]
[Date "2025.02.17"]
[Round "4.75"]
[White "Lie, Kjetil A."]
[Black "Jumabayev, Rinat"]
[Result "0-1"]
[ECO "A28"]
[WhiteElo "2489"]
[BlackElo "2564"]
[PlyCount "74"]
[EventDate "2025.02.13"]
[EventType "swiss"]
[EventCountry "NET"]
[TimeControl "600"]
[WhiteClock "0:00:50"]
[BlackClock "0:03:06"]

1. c4 e5 2. Nc3 Nf6 3. Nf3 Nc6 4. a3 a5 5. e3 d5 6. cxd5 Nxd5 7. Qc2 Nxc3 8. bxc3 Bd6 9. d4 O-O 10. Be2 Re8 11. e4 Bg4 12. Be3 Qf6 13. d5 Nb8 14. c4 b6 15. c5 bxc5 16. Bxc5 Nd7 17. Be3 Qg6 18. h3 Bxf3 19. Bxf3 Nf6 20. Qa4 h6 21. O-O Reb8 22. Rfb1 Kh7 23. Rxb8 Rxb8 24. Qxa5 Nxe4 25. Qe1 Nf6 26. a4 e4 27. Be2 Nxd5 28. Bc4 Nxe3 29. Qxe3 f5 30. a5 Qf6 31. Qe1 Qe5 32. g3 Bc5 33. Kg2 Rb2 34. Ra4 Bxf2 35. Qxf2 e3 36. Qe2 Qe4+ 37. Kf1 Qh1# 0-1

[Event "CCT Chessable Masters Play-In 2025"]
[Site "Online"]
[Date "2025.02.17"]
[Round "4.76"]
[White "Dvirnyy, Danyyil"]
[Black "Tristan, Leonardo"]
[Result "1-0"]
[ECO "B01"]
[WhiteElo "2488"]
[BlackElo "2467"]
[PlyCount "165"]
[EventDate "2025.02.13"]
[EventType "swiss"]
[EventCountry "NET"]
[TimeControl "600"]
[WhiteClock "0:00:05"]
[BlackClock "0:00:01"]

1. e4 d5 2. exd5 Qxd5 3. Nc3 Qa5 4. d4 Nf6 5. Nf3 Bf5 6. Ne5 c6 7. g4 Be6 8. Bg2 Nbd7 9. Nxd7 Bxd7 10. g5 Nd5 11. O-O Nxc3 12. bxc3 O-O-O 13. c4 e5 14. d5 f5 15. Rb1 e4 16. Bf4 Qc5 17. Qe2 Bd6 18. Be3 Qa5 19. Bd4 Rhg8 20. Rb3 c5 21. Ba1 Qc7 22. Rh3 f4 23. Qxe4 Bxh3 24. Bxh3+ Kb8 25. Be6 Rgf8 26. f3 Qe7 27. h4 h6 28. Qg6 hxg5 29. hxg5 Rh8 30. Kg2 Qc7 31. Qxg7 Qa5 32. Qc3 Qxa2 33. Qb3 Qa5 34. Bxh8 Rxh8 35. Qd3 Rh5 36. g6 Rg5+ 37. Bg4 Qd8 38. Qe4 Qg8 39. Qe6 Rxg6 40. Qd7 Bc7 41. Re1 Rd6 42. Re8+ Qxe8 43. Qxe8+ Rd8 44. Qe7 Rd6 45. Bd7 a5 46. Kh3 Ka7 47. Kg4 Kb6 48. Bb5 Rg6+ 49. Kf5 Rd6 50. Qf8 Rd8 51. Qf7 Rd6 52. Qe7 Rd8 53. Ke6 Rh8 54. Qg5 Rd8 55. Bd7 Ra8 56. d6 Bd8 57. Qxf4 a4 58. Bxa4 Rxa4 59. Qf8 Bh4 60. d7 Rxc4 61. d8=Q+ Bxd8 62. Qxd8+ Kb5 63. Qd7+ Kb6 64. Qd3 Rd4 65. Qb3+ Kc6 66. Qe3 b5 67. f4 Rd6+ 68. Ke7 Rd7+ 69. Ke8 Rd5 70. f5 Kd6 71. f6 Rf5 72. f7 c4 73. Qb6+ Kd5 74. Qxb5+ Ke4 75. Qxc4+ Ke3 76. Qc3+ Ke2 77. Qd3+ Ke1 78. Qxf5 Kd1 79. f8=Q Kc1 80. c4 Kb2 81. Qd3 Kc1 82. Qff1+ Kb2 83. Qfb1# 1-0

[Event "CCT Chessable Masters Play-In 2025"]
[Site "Online"]
[Date "2025.02.17"]
[Round "4.77"]
[White "Vetokhin, Savva"]
[Black "Van Wely, Loek"]
[Result "0-1"]
[ECO "B22"]
[WhiteElo "2533"]
[BlackElo "2443"]
[PlyCount "114"]
[EventDate "2025.02.13"]
[EventType "swiss"]
[EventCountry "NET"]
[TimeControl "600"]
[WhiteClock "0:03:41"]
[BlackClock "0:03:26"]

1. d4 Nf6 2. c4 e6 3. Nc3 Bb4 4. e3 O-O 5. Bd3 c5 6. Nf3 cxd4 7. exd4 d5 8. cxd5 Nxd5 9. O-O Nc6 10. a3 Be7 11. Bb1 Nf6 12. Bf4 b6 13. Qd3 Bb7 14. Bc2 Rc8 15. Rad1 g6 16. Bh6 Re8 17. Rfe1 Qd6 18. h3 Red8 19. Qe3 Na5 20. Ne5 Nc4 21. Nxc4 Rxc4 22. Bb3 Rxd4 23. Nb5 Qc6 24. Qf3 Qxf3 25. gxf3 Rxd1 26. Rxd1 a6 27. Rxd8+ Bxd8 28. Nd6 Bxf3 29. Bg5 Kf8 30. a4 Bc7 31. Nf5 gxf5 32. Bxf6 Bc6 33. Bd4 Ke8 34. Bc4 b5 35. axb5 Bxb5 36. Ba2 Kd7 37. Kg2 Bc6+ 38. f3 Bf4 39. Bc4 Bb5 40. Bb3 Kd6 41. Bc3 Be5 42. Bb4+ Kd7 43. Ba3 Bd6 44. Kf2 Bxa3 45. bxa3 f4 46. Bc2 h6 47. Ke1 Kd6 48. Kd2 Bc6 49. Bd1 Kc5 50. Kc3 a5 51. Be2 e5 52. h4 f5 53. Bd1 e4 54. Bc2 exf3 55. Kd2 Kd4 56. Bd3 f2 57. Bf1 f3 0-1

[Event "CCT Chessable Masters Play-In 2025"]
[Site "Online"]
[Date "2025.02.17"]
[Round "4.78"]
[White "Mekhitarian, Krikor Sevag"]
[Black "Gurevich, Dmitry"]
[Result "1-0"]
[ECO "D35"]
[WhiteElo "2505"]
[BlackElo "2347"]
[PlyCount "109"]
[EventDate "2025.02.13"]
[EventType "swiss"]
[EventCountry "NET"]
[TimeControl "600"]
[WhiteClock "0:00:45"]
[BlackClock "0:00:06"]

1. Nf3 Nf6 2. c4 e6 3. Nc3 d5 4. d4 Be7 5. cxd5 exd5 6. Bf4 O-O 7. e3 c5 8. dxc5 Bxc5 9. Bd3 Nc6 10. O-O d4 11. exd4 Nxd4 12. Na4 Nxf3+ 13. Qxf3 Bd6 14. Bg5 h6 15. Bxf6 Qxf6 16. Qxf6 gxf6 17. Be4 Bd7 18. Rfd1 Bxh2+ 19. Kxh2 Bxa4 20. Rd4 Bc6 21. Bxc6 bxc6 22. Rc1 Rac8 23. Rc5 Rfd8 24. Rxc6 Rxd4 25. Rxc8+ Kg7 26. Rc2 f5 27. Kg3 Rd3+ 28. Kf4 Kg6 29. Rc6+ f6 30. Ra6 Rd2 31. b3 Rxf2+ 32. Kg3 Rb2 33. Rxa7 Kg5 34. Kf3 h5 35. Ra4 h4 36. Ra8 Rc2 37. Rg8+ Kh5 38. Rh8+ Kg5 39. Rg8+ Kh5 40. a4 Rc3+ 41. Kf4 Rxb3 42. Kxf5 Kh6 43. Kxf6 Kh5 44. Kf5 Kh6 45. Rh8+ Kg7 46. Rxh4 Rb2 47. g3 Rb3 48. Rg4+ Kf7 49. Ke5 Rd3 50. Ke4 Rd1 51. Rg5 Kf6 52. Rb5 Ke6 53. a5 Kd6 54. g4 Kc6 55. Rf5 1-0

[Event "CCT Chessable Masters Play-In 2025"]
[Site "Online"]
[Date "2025.02.17"]
[Round "4.79"]
[White "Xiao, Tong"]
[Black "Zhukova, Natalia"]
[Result "1-0"]
[ECO "D35"]
[WhiteElo "2491"]
[BlackElo "2306"]
[PlyCount "65"]
[EventDate "2025.02.13"]
[EventType "swiss"]
[EventCountry "NET"]
[TimeControl "600"]
[WhiteClock "0:06:17"]
[BlackClock "0:01:59"]

1. d4 d5 2. c4 e6 3. Nc3 Nf6 4. cxd5 exd5 5. Bg5 c6 6. e3 Bd6 7. Bd3 O-O 8. Nge2 a5 9. Qc2 h6 10. Bf4 Na6 11. a3 Nc7 12. O-O Re8 13. Rae1 Ne6 14. Bxd6 Qxd6 15. f3 b5 16. Ng3 g6 17. Bxg6 fxg6 18. Qxg6+ Ng7 19. Nh5 Nfxh5 20. Qxd6 Re6 21. Qd8+ Kh7 22. Qh4 Rg6 23. e4 Be6 24. Kh1 b4 25. Na4 Rf8 26. Nc5 Rf4 27. g4 dxe4 28. Rxe4 Bd5 29. gxh5 Rxh4 30. hxg6+ Kxg6 31. Rxh4 Nf5 32. Rg1+ Kh7 33. Rf4 1-0

[Event "CCT Chessable Masters Play-In 2025"]
[Site "Online"]
[Date "2025.02.17"]
[Round "5.1"]
[White "Vachier-Lagrave, Maxime"]
[Black "Duda, Jan-Krzysztof"]
[Result "1/2-1/2"]
[ECO "B33"]
[WhiteElo "2729"]
[BlackElo "2739"]
[PlyCount "157"]
[EventDate "2025.02.13"]
[EventType "swiss"]
[EventCountry "NET"]
[TimeControl "600"]
[WhiteClock "0:00:02"]
[BlackClock "0:00:10"]

1. e4 c5 2. Nf3 Nc6 3. d4 cxd4 4. Nxd4 Nf6 5. Nc3 e5 6. Ndb5 d6 7. Nd5 Nxd5 8. exd5 Nb8 9. a4 Be7 10. Be2 O-O 11. Bd2 f5 12. a5 Nd7 13. O-O a6 14. Na3 Nf6 15. Bb4 f4 16. Nc4 Bf5 17. Nxe5 dxe5 18. d6 Bxd6 19. Qxd6 Qxd6 20. Bxd6 Rfe8 21. Rfe1 Rac8 22. c3 Ne4 23. Bb4 Nc5 24. Rad1 e4 25. Bc4+ Be6 26. Rd4 Bxc4 27. Rxc4 Nd3 28. Rxc8 Rxc8 29. Rxe4 Nxb2 30. Kf1 Nd3 31. h4 Rc6 32. Re8+ Kf7 33. Re7+ Kf6 34. Rxb7 Re6 35. Rb6 Kf5 36. Rxe6 Kxe6 37. Ke2 Ne5 38. Bc5 g6 39. Bb6 Kd5 40. Bc7 Nc4 41. Kf3 Kc6 42. Bxf4 Nxa5 43. Kg4 Nb3 44. c4 a5 45. Be5 a4 46. Bb2 Nd2 47. Kg5 Nxc4 48. Ba1 Kd5 49. Kh6 Ke6 50. Kxh7 Kf5 51. f3 Ne5 52. Bb2 Nd3 53. Bc3 Ne5 54. Bb4 Nd3 55. Bd6 Ne5 56. Kg7 Ke6 57. Ba3 Kf5 58. Bc1 Ke6 59. Bb2 Kf5 60. Ba3 Ke6 61. f4 Nd3 62. g3 Kf5 63. Kf7 Nf2 64. Bb4 Ng4 65. Ba3 Ne3 66. Bc5 Ng4 67. Ba3 Nf6 68. Bb2 Nh5 69. g4+ Kxg4 70. Kxg6 Nxf4+ 71. Kf6 Nd3 72. Ba3 Kxh4 73. Ke6 Nf4+ 74. Kd6 Kg4 75. Kc5 Ne6+ 76. Kb5 Nc5 77. Kxc5 Kf4 78. Kb4 Ke4 79. Kxa4 1/2-1/2

[Event "CCT Chessable Masters Play-In 2025"]
[Site "Online"]
[Date "2025.02.17"]
[Round "5.3"]
[White "Wei, Yi"]
[Black "Anton Guijarro, David"]
[Result "1-0"]
[ECO "B13"]
[WhiteElo "2755"]
[BlackElo "2668"]
[PlyCount "97"]
[EventDate "2025.02.13"]
[EventType "swiss"]
[EventCountry "NET"]
[TimeControl "600"]
[WhiteClock "0:01:34"]
[BlackClock "0:00:04"]

1. e4 c6 2. d4 d5 3. exd5 cxd5 4. Nf3 Nc6 5. c3 Qc7 6. h3 Bf5 7. g4 Bg6 8. Nbd2 e6 9. Nh4 Bd6 10. Nxg6 hxg6 11. Bg2 Nf6 12. Nf3 Ne4 13. Ng5 Nxg5 14. Bxg5 Bf4 15. Bxf4 Qxf4 16. Qd2 Qxd2+ 17. Kxd2 g5 18. Raf1 Ke7 19. f4 gxf4 20. Rxf4 g5 21. Rf2 Rac8 22. Re1 Rcd8 23. Rf5 Rh6 24. Re3 Rf6 25. Rxg5 Rf2+ 26. Re2 Rxe2+ 27. Kxe2 Rh8 28. Ke3 Kf6 29. Kf4 Ne7 30. Rh5 Ng6+ 31. Kg3 Rb8 32. h4 Kg7 33. Bf1 b5 34. Bd3 Ne7 35. g5 b4 36. Rh7+ Kg8 37. g6 Nxg6 38. Bxg6 fxg6 39. Rxa7 bxc3 40. bxc3 Rc8 41. Kf4 Rxc3 42. a4 Rd3 43. Ke5 Re3+ 44. Kf6 Re4 45. a5 Rxd4 46. a6 Ra4 47. Rg7+ Kh8 48. a7 Rf4+ 49. Kg5 1-0

[Event "CCT Chessable Masters Play-In 2025"]
[Site "Online"]
[Date "2025.02.17"]
[Round "5.4"]
[White "Nihal Sarin"]
[Black "Gledura, Benjamin"]
[Result "1-0"]
[ECO "B11"]
[WhiteElo "2687"]
[BlackElo "2659"]
[PlyCount "97"]
[EventDate "2025.02.13"]
[EventType "swiss"]
[EventCountry "NET"]
[TimeControl "600"]
[WhiteClock "0:04:59"]
[BlackClock "0:03:03"]

1. e4 c6 2. Nc3 d5 3. Qe2 d4 4. Nd1 e5 5. d3 c5 6. g3 Nc6 7. f4 Bd6 8. Nf2 Nge7 9. Bh3 Bxh3 10. Ngxh3 Qd7 11. Bd2 h5 12. Ng5 f6 13. Nf3 O-O-O 14. f5 Kb8 15. h3 Bc7 16. Rg1 Ba5 17. c4 Bxd2+ 18. Qxd2 g6 19. g4 hxg4 20. hxg4 g5 21. Ke2 Rdg8 22. Rh1 Nd8 23. Rxh8 Rxh8 24. Rh1 Rxh1 25. Nxh1 Nf7 26. Ng3 Qa4 27. b3 Qa3 28. Nh5 Ng8 29. Kf2 a6 30. Kg3 Ka7 31. Ng7 Ne7 32. Ne8 Ng8 33. Ng1 Kb8 34. Ne2 Ka7 35. Nc1 Kb8 36. Ne2 Ka7 37. Ng1 Kb8 38. Nh3 Ka7 39. Nf2 Kb8 40. Kg2 Ka7 41. Qc2 Kb8 42. Qb1 Ka7 43. Qh1 Qxa2 44. Qh7 Nfh6 45. Nd6 Qxb3 46. Qc7 Qb4 47. Nc8+ Ka8 48. Nb6+ Ka7 49. Nd7 1-0

[Event "CCT Chessable Masters Play-In 2025"]
[Site "Online"]
[Date "2025.02.17"]
[Round "5.5"]
[White "Giri, Anish"]
[Black "Vokhidov, Shamsiddin"]
[Result "0-1"]
[ECO "D41"]
[WhiteElo "2728"]
[BlackElo "2670"]
[PlyCount "126"]
[EventDate "2025.02.13"]
[EventType "swiss"]
[EventCountry "NET"]
[TimeControl "600"]
[WhiteClock "0:00:26"]
[BlackClock "0:00:30"]

1. c4 Nf6 2. Nf3 e6 3. g3 d5 4. Bg2 Be7 5. O-O O-O 6. b3 c5 7. cxd5 Nxd5 8. Nc3 Nc6 9. Nxd5 exd5 10. d4 Bf6 11. Bb2 Re8 12. e3 Bg4 13. Qd2 cxd4 14. Nxd4 Bxd4 15. Bxd4 Qd7 16. Rfe1 Bh3 17. Bh1 Bf5 18. Bb2 Rad8 19. Rad1 Be4 20. f3 Bg6 21. e4 d4 22. f4 f6 23. Qf2 Re7 24. Rd2 Qe8 25. Bxd4 Nxd4 26. Rxd4 Rxd4 27. Qxd4 b6 28. e5 fxe5 29. Rxe5 Rxe5 30. fxe5 Bf7 31. Bd5 g6 32. Kf2 Qe7 33. Qc4 Bxd5 34. Qxd5+ Kg7 35. Qd4 Kf7 36. Ke3 Ke6 37. h4 Qf8 38. b4 h5 39. a4 Qe7 40. Qe4 Qg7 41. Qc4+ Kf5 42. g4+ hxg4 43. Qe4+ Ke6 44. Qxg4+ Kd5 45. Qd4+ Ke6 46. Qc4+ Kf5 47. Qf4+ Ke6 48. Qg4+ Kd5 49. Kd3 Qxe5 50. Qg2+ Kd6 51. Qxg6+ Kc7 52. Qf7+ Kd6 53. Qg6+ Kc7 54. Qh7+ Kd6 55. Qe4 Qg3+ 56. Kc4 Qg8+ 57. Kb5 Qc8 58. Qd4+ Ke7 59. Qe5+ Kf7 60. Qd5+ Kg7 61. h5 Qe8+ 62. Qc6 Qe2+ 63. Qc4 a6+ 0-1

[Event "CCT Chessable Masters Play-In 2025"]
[Site "Online"]
[Date "2025.02.17"]
[Round "5.6"]
[White "Tabatabaei, M. Amin"]
[Black "Sindarov, Javokhir"]
[Result "1-0"]
[ECO "E60"]
[WhiteElo "2666"]
[BlackElo "2700"]
[PlyCount "171"]
[EventDate "2025.02.13"]
[EventType "swiss"]
[EventCountry "NET"]
[TimeControl "600"]
[WhiteClock "0:00:02"]

1. d4 Nf6 2. c4 g6 3. g3 c5 4. dxc5 Na6 5. Bg2 Nxc5 6. Nc3 Bg7 7. Nh3 O-O 8. O-O d6 9. Nf4 Bf5 10. Be3 Nce4 11. Nxe4 Bxe4 12. Bxe4 Nxe4 13. Qc2 Nf6 14. Rad1 Qc8 15. Qb3 Qc6 16. Rc1 Rfc8 17. Rfd1 b6 18. a4 Qe4 19. f3 Qf5 20. Qb5 Nd7 21. Nd5 Kf8 22. Bf2 Nc5 23. b4 Nb3 24. g4 Qe6 25. Rc2 h5 26. h3 Na1 27. Ra2 Nb3 28. a5 hxg4 29. hxg4 bxa5 30. Qa4 Nd4 31. Bxd4 Bxd4+ 32. Rxd4 Qe5 33. Re4 Qg3+ 34. Kf1 e6 35. Nf4 d5 36. Nxe6+ fxe6 37. Rd4 Ke7 38. Qxa5 Rh8 39. Qc5+ Kf7 40. Rxa7+ Rxa7 41. Qxa7+ Kf6 42. g5+ Qxg5 43. Rg4 Qc1+ 44. Kf2 Rh2+ 45. Rg2 Rxg2+ 46. Kxg2 Qxc4 47. Qa1+ e5 48. Qb2 Qb5 49. Kf1 d4 50. Qa3 Qc4 51. Qb2 Qb5 52. Qb3 g5 53. Kf2 Qb6 54. b5 d3+ 55. e3 Qd6 56. Ke1 e4 57. fxe4 d2+ 58. Kd1 g4 59. Qb2+ Ke7 60. Qxd2 Qc5 61. Qd4 Qxb5 62. Ke1 Ke8 63. Qd5 Qb2 64. Kf1 Kf8 65. Qg5 Qc1+ 66. Kf2 Qd2+ 67. Kg3 Qe1+ 68. Kxg4 Qg1+ 69. Kf4 Qf1+ 70. Ke5 Qb5+ 71. Kf4 Qb6 72. Kg4 Qf6 73. Qf5 Kg7 74. Qxf6+ Kxf6 75. Kf4 Ke6 76. e5 Ke7 77. Ke4 Kf7 78. Kd4 Ke7 79. e4 Ke8 80. Kd5 Kd8 81. e6 Ke8 82. Ke5 Ke7 83. Kf5 Ke8 84. Kf6 Kf8 85. e7+ Ke8 86. e5 1-0

[Event "CCT Chessable Masters Play-In 2025"]
[Site "Online"]
[Date "2025.02.17"]
[Round "5.7"]
[White "Chigaev, Maksim"]
[Black "Artemiev, Vladislav"]
[Result "0-1"]
[ECO "C45"]
[WhiteElo "2632"]
[BlackElo "2691"]
[PlyCount "106"]
[EventDate "2025.02.13"]
[EventType "swiss"]
[EventCountry "NET"]
[TimeControl "600"]
[BlackClock "0:00:13"]

1. e4 e5 2. Nf3 Nc6 3. d4 exd4 4. Nxd4 Nf6 5. Nxc6 bxc6 6. Qe2 d6 7. Nc3 Be7 8. g3 O-O 9. Bg2 a5 10. Bf4 Ba6 11. Qd2 Nd7 12. O-O-O Bf6 13. h4 h6 14. Bf1 Qb8 15. g4 Qb4 16. a3 Bxc3 17. axb4 Bxd2+ 18. Bxd2 axb4 19. Bxb4 Ne5 20. Bc3 Bxf1 21. Rhxf1 Nxg4 22. Rg1 f5 23. exf5 Ra1+ 24. Kd2 Rxd1+ 25. Kxd1 h5 26. Bxg7 Rxf5 27. Bd4 Rd5 28. c3 c5 29. f3 cxd4 30. c4 Ra5 31. Kc2 Kf7 32. fxg4 hxg4 33. Rxg4 c5 34. h5 Ra1 35. Rh4 Kg7 36. Rg4+ Kf6 37. Rh4 Kg5 38. Rh2 Ra7 39. Re2 Kxh5 40. Re6 Ra6 41. Kd3 Rb6 42. b4 Rxb4 43. Rxd6 Kg4 44. Rd5 Rb3+ 45. Kd2 Kf4 46. Rxc5 Ke4 47. Rc8 Rb2+ 48. Kc1 Rh2 49. Ra8 Ke3 50. Re8+ Kd3 51. c5 Kc3 52. Kd1 d3 53. Ke1 d2+ 0-1

[Event "CCT Chessable Masters Play-In 2025"]
[Site "Online"]
[Date "2025.02.17"]
[Round "5.8"]
[White "Yu, Yangyi"]
[Black "Antipov, Mikhail Al."]
[Result "1-0"]
[ECO "E32"]
[WhiteElo "2715"]
[BlackElo "2571"]
[PlyCount "49"]
[EventDate "2025.02.13"]
[EventType "swiss"]
[EventCountry "NET"]
[TimeControl "600"]
[WhiteClock "0:04:40"]
[BlackClock "0:03:04"]

1. d4 Nf6 2. c4 e6 3. Nc3 Bb4 4. Nf3 O-O 5. Qc2 d5 6. Bg5 Nbd7 7. e3 b6 8. cxd5 exd5 9. Bb5 h6 10. Bh4 c5 11. O-O g5 12. Bg3 Bb7 13. dxc5 bxc5 14. Rfd1 Bxc3 15. bxc3 a6 16. Bxd7 Qxd7 17. Rab1 d4 18. Ne5 Qc8 19. Rb6 Be4 20. Qe2 Qd8 21. Nc4 d3 22. Qe1 g4 23. Rd6 Qe7 24. Bh4 Bxg2 25. Rxf6 1-0

[Event "CCT Chessable Masters Play-In 2025"]
[Site "Online"]
[Date "2025.02.17"]
[Round "5.9"]
[White "Nguyen, Ngoc Truong Son"]
[Black "Niemann, Hans Moke"]
[Result "1-0"]
[ECO "D02"]
[WhiteElo "2632"]
[BlackElo "2734"]
[PlyCount "57"]
[EventDate "2025.02.13"]
[EventType "swiss"]
[EventCountry "NET"]
[TimeControl "600"]
[WhiteClock "0:02:34"]
[BlackClock "0:07:03"]

1. d4 Nf6 2. Nf3 d5 3. Bf4 e6 4. e3 Bd6 5. Bg3 O-O 6. c4 dxc4 7. Bxc4 b6 8. Nc3 Bb7 9. Qe2 Nbd7 10. O-O Bxg3 11. hxg3 c5 12. Rfd1 cxd4 13. Rxd4 Qe7 14. Rad1 a6 15. g4 b5 16. Bb3 Nc5 17. g5 Nfe4 18. Nxe4 Bxe4 19. Bc2 Bxf3 20. Qxf3 Qxg5 21. Rg4 Qe5 22. b4 Na4 23. Bxa4 bxa4 24. Qc6 a5 25. Rgd4 g6 26. Qxa4 axb4 27. Qxb4 Rxa2 28. Rd8 Ra8 29. Qxf8# 1-0

[Event "CCT Chessable Masters Play-In 2025"]
[Site "Online"]
[Date "2025.02.17"]
[Round "5.10"]
[White "Bortnyk, Olexandr"]
[Black "Fressinet, Laurent"]
[Result "1/2-1/2"]
[ECO "D00"]
[WhiteElo "2601"]
[BlackElo "2588"]
[PlyCount "127"]
[EventDate "2025.02.13"]
[EventType "swiss"]
[EventCountry "NET"]
[TimeControl "600"]
[WhiteClock "0:00:12"]
[BlackClock "0:00:38"]

1. d4 Nf6 2. Nc3 d5 3. Bf4 e6 4. Nb5 Na6 5. e3 Be7 6. Nf3 O-O 7. Ne5 Nd7 8. a3 Nxe5 9. Bxe5 c6 10. Nc3 c5 11. Bxa6 bxa6 12. O-O Bd7 13. Re1 f6 14. Bg3 Qb6 15. Rb1 Rac8 16. Ne2 Rfe8 17. h4 Bf8 18. c3 Red8 19. Nf4 Be8 20. h5 Bf7 21. b4 cxd4 22. cxd4 Rc3 23. Ra1 Rdc8 24. Qg4 Qc6 25. Bh4 e5 26. Ne2 Rc2 27. Bg3 Qe8 28. Qh4 Bxh5 29. Nc1 g5 30. Qh2 exd4 31. Nd3 Re2 32. exd4 Rc3 33. Rxe2 Qxe2 34. Nc5 Bg4 35. f3 Bf5 36. Kh1 Rc2 37. Re1 Qd2 38. Qg1 h5 39. Nb3 Qc3 40. Qe3 Qxe3 41. Rxe3 Kf7 42. Bb8 Ra2 43. Nc5 h4 44. Kg1 h3 45. gxh3 Bxh3 46. Nxa6 f5 47. Be5 f4 48. Rc3 Be7 49. Nc7 Be6 50. Nxe6 Kxe6 51. Rc6+ Kf5 52. Rc7 Ke6 53. Rc6+ Kf5 54. Rc7 Ke6 55. Rxa7 g4 56. fxg4 f3 57. Ra6+ Kf7 58. Ra7 Ke8 59. Ra8+ Kd7 60. Ra7+ Ke6 61. Ra6+ Kf7 62. Ra7 Kf8 63. Ra8+ Kf7 64. Ra7 1/2-1/2

[Event "CCT Chessable Masters Play-In 2025"]
[Site "Online"]
[Date "2025.02.17"]
[Round "5.11"]
[White "Xu, Xiangyu"]
[Black "Sjugirov, Sanan"]
[Result "0-1"]
[ECO "D36"]
[WhiteElo "2623"]
[BlackElo "2643"]
[PlyCount "94"]
[EventDate "2025.02.13"]
[EventType "swiss"]
[EventCountry "NET"]
[TimeControl "600"]
[WhiteClock "0:00:25"]
[BlackClock "0:01:49"]

1. d4 Nf6 2. c4 e6 3. Nc3 d5 4. cxd5 exd5 5. Bg5 c6 6. e3 Be7 7. Bd3 Nbd7 8. h3 O-O 9. Qc2 Re8 10. Bf4 Nf8 11. Nf3 Ng6 12. Bh2 Bd6 13. Bxd6 Qxd6 14. O-O Qe7 15. Nd2 Nh4 16. Rae1 Qd8 17. b4 a6 18. a4 g6 19. a5 Bf5 20. Bxf5 Nxf5 21. Nb3 Re7 22. Re2 Qc7 23. Rfe1 Rae8 24. Nc5 Kg7 25. Qd3 h5 26. f3 Qd6 27. Nd1 h4 28. Nf2 Ng3 29. Rc2 Qf4 30. Rc3 Qg5 31. Qd2 Nf5 32. Nd1 Nh5 33. Kh1 Nf4 34. Nb3 Qg3 35. Qf2 Qxf2 36. Nxf2 Nxe3 37. Nd3 Nexg2 38. Rxe7 Rxe7 39. Nbc5 Nxd3 40. Nxd3 Ne3 41. Nc5 Nf5 42. Rd3 Ng3+ 43. Kg1 Ne2+ 44. Kh2 Nf4 45. Rd2 Kf8 46. Rd1 Ke8 47. Rg1 f6 0-1

[Event "CCT Chessable Masters Play-In 2025"]
[Site "Online"]
[Date "2025.02.17"]
[Round "5.12"]
[White "Pichot, Alan"]
[Black "Ma, Qun"]
[Result "1/2-1/2"]
[ECO "C54"]
[WhiteElo "2613"]
[BlackElo "2645"]
[PlyCount "163"]
[EventDate "2025.02.13"]
[EventType "swiss"]
[EventCountry "NET"]
[TimeControl "600"]
[WhiteClock "0:00:01"]

1. e4 e5 2. Nf3 Nc6 3. Bc4 Bc5 4. O-O Nf6 5. d3 d6 6. c3 a5 7. h3 O-O 8. Be3 Bxe3 9. fxe3 Be6 10. Bxe6 fxe6 11. Nbd2 d5 12. a4 h6 13. Qb3 b6 14. Rf2 Kh7 15. Raf1 Qd6 16. Qc2 Kg8 17. g4 dxe4 18. dxe4 Qc5 19. Qb3 Rae8 20. Qb5 Nd7 21. Qe2 Qd6 22. Rg2 g6 23. g5 h5 24. Nh4 Rxf1+ 25. Nxf1 Nf8 26. Ng3 Rd8 27. Kh2 Qd1 28. Qc4 Rd6 29. Qa6 Qd3 30. Qc8 Qxe3 31. Nxg6 Nd8 32. Nxf8 h4 33. Ne2 Kxf8 34. Qxc7 Rd3 35. Ng1 Rd2 36. Rxd2 Qxd2+ 37. Kh1 Nf7 38. g6 Ng5 39. Qxe5 Kg8 40. Qf6 Qe3 41. Qd8+ Kg7 42. Qd4+ Qxd4 43. cxd4 Kxg6 44. Kg2 Nxe4 45. Nf3 Kh5 46. Ne5 Nd6 47. Kf3 b5 48. b3 Kg5 49. Nd3 bxa4 50. bxa4 Kf5 51. Nc5 Nc4 52. Ne4 e5 53. d5 Nb6 54. Nc3 e4+ 55. Nxe4 Nxa4 56. d6 Nb6 57. Nc5 Ke5 58. d7 Nxd7 59. Nxd7+ Kd4 60. Nb6 Kc5 61. Nd7+ Kb4 62. Nf6 a4 63. Ne4 a3 64. Nf2 Kc3 65. Ne4+ Kc2 66. Nf2 a2 67. Ng4 a1=Q 68. Ne3+ Kb2 69. Nf5 Kb1 70. Kg4 Qa2 71. Nxh4 Qa3 72. Nf3 Qb3 73. h4 Qb4+ 74. Kg3 Qa4 75. h5 Qb5 76. Kg4 Qb6 77. Ng5 Qc7 78. h6 Qd8 79. h7 Qc8+ 80. Kh5 Qh8 81. Kg6 Qxh7+ 82. Kxh7 1/2-1/2

[Event "CCT Chessable Masters Play-In 2025"]
[Site "Online"]
[Date "2025.02.17"]
[Round "5.13"]
[White "Lobanov, Sergei"]
[Black "Deac, Bogdan-Daniel"]
[Result "1/2-1/2"]
[ECO "E51"]
[WhiteElo "2508"]
[BlackElo "2692"]
[PlyCount "84"]
[EventDate "2025.02.13"]
[EventType "swiss"]
[EventCountry "NET"]
[TimeControl "600"]
[WhiteClock "0:05:58"]
[BlackClock "0:03:24"]

1. d4 Nf6 2. c4 e6 3. Nc3 Bb4 4. e3 d5 5. a3 Be7 6. Nf3 O-O 7. Bd3 dxc4 8. Bxc4 c5 9. O-O a6 10. dxc5 Qxd1 11. Rxd1 Bxc5 12. Be2 Nc6 13. b4 Be7 14. Na4 b5 15. Nb6 Rb8 16. Nxc8 Rfxc8 17. Bb2 Nd5 18. Nd4 Nxd4 19. Bxd4 Nc3 20. Bxc3 Rxc3 21. a4 Bxb4 22. axb5 axb5 23. Rab1 Bf8 24. Rxb5 Rxb5 25. Bxb5 g6 26. g3 Rc7 27. h4 h5 28. Rd7 Rxd7 29. Bxd7 Kg7 30. Kg2 e5 31. Kf3 Bb4 32. Bc6 Be1 33. Ke2 Ba5 34. Bd5 f5 35. Bc4 Kf6 36. Bb5 f4 37. exf4 exf4 38. Kf3 fxg3 39. fxg3 g5 40. hxg5+ Kxg5 41. Be8 Bc7 42. Bxh5 Bxg3 1/2-1/2

[Event "CCT Chessable Masters Play-In 2025"]
[Site "Online"]
[Date "2025.02.17"]
[Round "5.14"]
[White "Muradli, Mahammad"]
[Black "Sadhwani, Raunak"]
[Result "0-1"]
[ECO "A13"]
[WhiteElo "2588"]
[BlackElo "2666"]
[PlyCount "58"]
[EventDate "2025.02.13"]
[EventType "swiss"]
[EventCountry "NET"]
[TimeControl "600"]
[WhiteClock "0:03:23"]
[BlackClock "0:06:23"]

1. Nf3 Nf6 2. c4 e6 3. g3 d5 4. Bg2 d4 5. b4 c5 6. Bb2 Nc6 7. b5 Na5 8. d3 Bd6 9. O-O O-O 10. Nbd2 a6 11. a4 e5 12. Qc2 Rb8 13. e4 b6 14. Rae1 Re8 15. Kh1 axb5 16. axb5 Ra8 17. Ng1 Qc7 18. h3 Nb7 19. Bc1 Nd8 20. f4 Nh5 21. Ne2 exf4 22. g4 f3 23. Rxf3 Ng3+ 24. Nxg3 Bxg3 25. Ref1 f6 26. e5 Bxe5 27. Rxf6 Bxf6 28. Bxa8 Re2 29. Bd5+ Kh8 0-1

[Event "CCT Chessable Masters Play-In 2025"]
[Site "Online"]
[Date "2025.02.17"]
[Round "5.15"]
[White "Narayanan S L"]
[Black "Dubov, Daniil"]
[Result "1/2-1/2"]
[ECO "A46"]
[WhiteElo "2622"]
[BlackElo "2701"]
[PlyCount "78"]
[EventDate "2025.02.13"]
[EventType "swiss"]
[EventCountry "NET"]
[TimeControl "600"]
[WhiteClock "0:06:20"]
[BlackClock "0:05:01"]

1. d4 Nf6 2. Nf3 b6 3. Bg5 Bb7 4. Nbd2 e6 5. e3 h6 6. Bh4 c5 7. c3 Nc6 8. Bd3 Be7 9. h3 cxd4 10. cxd4 Nb4 11. Be2 Rc8 12. O-O O-O 13. a3 Nbd5 14. Bg3 Nh5 15. Bh2 f5 16. Ne5 Nhf6 17. Qa4 a6 18. Rfc1 Kh7 19. Bd3 d6 20. Nef3 Kg8 21. Qd1 Qd7 22. Qe2 Rxc1+ 23. Rxc1 Rc8 24. Re1 b5 25. e4 fxe4 26. Nxe4 Rf8 27. Nxf6+ Rxf6 28. Be4 Bd8 29. Bg3 Bb6 30. Qd2 Rf7 31. Nh2 Bc6 32. Bg6 Rf8 33. Ng4 Ne7 34. Nxh6+ gxh6 35. Qxh6 Rf6 36. Qh7+ Kf8 37. Qh6+ Kg8 38. Qh7+ Kf8 39. Qh6+ Kg8 1/2-1/2